[Event "Team 45 45 League T68"]
[Site "Internet Chess Club"]
[Date "2016.04.17"]
[Round "6"]
[White "tryanything"]
[Black "Megasus"]
[Result "1-0"]
[WhiteElo "1571"]
[BlackElo "1426"]
[Opening "Sicilian: Taimanov variation"]
[ECO "B46"]
[Time "05:00:14"]
[TimeControl "2700+45"]

1. e4 c5 2. Nf3 Nc6 3. d4 cxd4 4. Nxd4 a6 5. Nc3 e6 6. Be2 Qc7 7. O-O h6 8. Be3
Nf6 9. h3 Ne5 10. Rb1 g5 11. f4 Nc4 12. Bxc4 Qxc4 13. fxg5 hxg5 14. Rxf6 Qxc3
15. bxc3 {Black resigns} 1-0

[Event "Team 45 45 League T68"]
[Site "Internet Chess Club"]
[Date "2016.04.17"]
[Round "6"]
[White "zepled37"]
[Black "Goli"]
[Result "0-1"]
[WhiteElo "1727"]
[BlackElo "1760"]
[Opening "Pirc: classical system, 5.Be2"]
[ECO "B06"]
[Time "17:36:42"]
[TimeControl "2700+45"]

1. e4 g6 2. d4 Bg7 3. Nf3 d6 4. Nc3 Nf6 5. Be2 O-O 6. O-O Bg4 7. h3 Bxf3 8. Bxf3
Nc6 9. Be3 e5 10. dxe5 Nxe5 11. Be2 a6 12. a4 h6 13. Qd2 Kh7 14. a5 Qe7 15. Rfd1
Qe6 16. Ra4 Rad8 17. Rb4 Qc8 18. Nd5 Nxd5 19. exd5 f5 20. Rh4 Nf7 21. g4 fxg4
22. Bxg4 Qb8 23. Be6 Bf6 24. Rf4 Ng5 25. Bg4 Rde8 26. Qd3 Qd8 27. h4 Nf7 28. Be6
Ne5 29. Qe4 Bxh4 30. Rxf8 Rxf8 31. f4 Nf7 32. Rd2 Nh8 33. Rh2 Qf6 34. f5 Bg5 35.
Rxh6+ Bxh6 36. Qh4 Qxh4 {White resigns} 0-1

[Event "Team 45 45 League T68"]
[Site "Internet Chess Club"]
[Date "2016.04.16"]
[Round "6"]
[White "Egmont"]
[Black "justice02"]
[Result "1/2-1/2"]
[WhiteElo "1742"]
[BlackElo "1652"]
[Opening "Queen's pawn game"]
[ECO "D04"]
[Time "12:00:13"]
[TimeControl "2700+45"]

1. d4 Nf6 2. Nf3 d5 3. e3 g6 4. Bd3 Bg7 5. O-O O-O 6. Nbd2 Nbd7 7. c3 c5 8. Re1
Qc7 9. h3 e5 10. dxe5 Nxe5 11. Nxe5 Qxe5 12. e4 Qc7 13. exd5 Nxd5 14. Qc2 Be6
15. Nf3 Rad8 16. Bg5 Rd6 17. Rad1 Qa5 18. Be4 f6 19. Bxd5 Bxd5 20. Bf4 Rdd8 21.
Re7 Qxa2 22. Rde1 Bxf3 23. gxf3 Qd5 24. Qe2 Qc6 25. Qc4+ Kh8 26. Rc7 Qxf3 27.
Rxc5 Qxh3 28. Qe2 Rc8 29. Rc7 Rxc7 30. Bxc7 Qd7 31. Qe7 Qxe7 32. Rxe7 b6 33. Bd6
Rd8 34. Ba3 Ra8 35. Rb7 Kg8 36. Kg2 h5 37. Kg3 g5 38. f4 Bh6 39. Be7 gxf4+ 40.
Kh4 f5 41. Kxh5 f3 42. Kxh6 f2 43. Bd6 f1=Q 44. Rg7+ Kh8 45. Rh7+ Kg8 46. Rg7+
Kh8 47. Rh7+ {Game drawn by mutual agreement} 1/2-1/2

[Event "Team 45 45 League T68"]
[Site "Internet Chess Club"]
[Date "2016.04.18"]
[Round "6"]
[White "Grenadier"]
[Black "HappySong"]
[Result "0-1"]
[WhiteElo "1595"]
[BlackElo "1514"]
[Opening "French: advance, Milner-Barry gambit"]
[ECO "C02"]
[Time "20:00:13"]
[TimeControl "2700+45"]

1. e4 e6 2. d4 d5 3. e5 c5 4. c3 Nc6 5. Nf3 Qb6 6. Bd3 cxd4 7. cxd4 Bd7 8. O-O
Nxd4 9. Nxd4 Qxd4 10. Nc3 Bb4 11. Nb5 Qb6 12. Be3 Qa5 13. Qe2 a6 14. Nd4 Qc7 15.
f4 Ne7 16. Rac1 Nc6 17. a3 Ba5 18. Kh1 O-O 19. Nb3 Bb6 20. Nc5 Rac8 21. b4 Be8
22. Rf3 h6 23. Rh3 d4 24. Bd2 Bxc5 25. Rxc5 f5 26. exf6 Rxf6 27. Rg3 Qd7 28. Qe4
Rf5 29. Rxf5 exf5 30. Qxf5 Qxf5 31. Bxf5 Rd8 32. Bd3 Kf8 33. Kg1 Bf7 34. b5 axb5
35. Bxb5 Ba2 36. Kf2 Bb1 37. Rb3 Bc2 38. Rb2 d3 39. Bc4 Re8 40. Bc3 Re2+ 41. Kf1
Re4 42. Bd5 Rxf4+ 43. Ke1 Nd4 44. Rxb7 Rf5 45. Bb4+ Ke8 46. Re7+ Kd8 47. Be4 Rb5
48. Rxg7 Re5 49. Rg8+ Kd7 50. Rg7+ Kc8 51. Rg8+ Kc7 52. Rg7+ Kb6 53. Rg6+ Kb5
54. Kd2 Rxe4 55. Rxh6 Re2+ 56. Kc1 Nb3+ 57. Kb2 Rxg2 58. h4 Rg1 59. Rh5+ Kc4 60.
Rg5 Rb1+ 61. Ka2 Nc1# {White checkmated} 0-1

[Event "Team 45 45 League T68"]
[Site "Internet Chess Club"]
[Date "2016.04.14"]
[Round "6"]
[White "Kingofknights"]
[Black "bmw2002"]
[Result "1/2-1/2"]
[WhiteElo "1532"]
[BlackElo "1504"]
[Opening "King's Indian: Sämisch, orthodox, 7.d5 c6"]
[ECO "E88"]
[Time "19:03:02"]
[TimeControl "2700+45"]

1. d4 Nf6 2. c4 g6 3. Nc3 Bg7 4. e4 d6 5. f3 O-O 6. Be3 e5 7. d5 c6 8. Qd2 c5 9.
g4 h5 10. g5 Nh7 11. h4 f5 12. gxf6 Bxf6 13. O-O-O Bxh4 14. Qg2 Bg5 15. Bxg5
Qxg5+ 16. Qxg5 Nxg5 17. Nb5 Nd7 18. Nxd6 Nxf3 19. Nxf3 Rxf3 20. Be2 Rf6 21. Nxc8
Rxc8 22. Rdg1 Kh7 23. Bg4 Rd8 24. Be6 Nf8 25. Bg4 Kh6 26. Be2 Rf4 27. Bd3 g5 28.
Kd2 Ng6 29. Ke3 Rd6 30. Be2 h4 31. Bg4 Rdf6 32. Rh2 Rf1 33. Rxf1 Rxf1 34. Rd2
Rf8 35. d6 Rd8 36. d7 Nf8 37. Rd5 Kg7 38. Rxe5 Nxd7 39. Re7+ Kf6 40. Rxd7 Rxd7
41. Bxd7 Ke5 42. Bf5 b6 43. Kf3 Kd4 44. Kg4 Kxc4 45. Kxg5 Kd4 46. Kf6 h3 47.
Bxh3 Kxe4 48. Ke6 Kd3 49. Bf5+ Kd2 50. Kd5 Kc1 51. b3 Kb2 52. a4 Kxb3 53. a5
bxa5 54. Kxc5 a4 55. Kb5 a3 56. Be6+ Kb2 57. Ka6 {Game drawn by mutual
agreement} 1/2-1/2

[Event "Team 45 45 League T68"]
[Site "Internet Chess Club"]
[Date "2016.04.16"]
[Round "6"]
[White "Scorpius"]
[Black "burnsy"]
[Result "1-0"]
[WhiteElo "1447"]
[BlackElo "1643"]
[Opening "Grünfeld: 5.Bg5"]
[ECO "D91"]
[Time "05:23:55"]
[TimeControl "2700+45"]

1. d4 Nf6 2. c4 g6 3. Nc3 d5 4. Nf3 Bg7 5. Bg5 c6 6. e3 Bg4 7. h3 Bf5 8. Bd3
Bxd3 9. Qxd3 Na6 10. a3 Nc7 11. O-O O-O 12. b3 Ne6 13. Bh4 c5 14. Bxf6 dxc4 15.
bxc4 Bxf6 16. d5 Nc7 17. Rab1 Rb8 18. Ne4 b6 19. Nxf6+ exf6 20. Rfe1 Ne8 21. e4
Nd6 22. e5 fxe5 23. Nxe5 Rc8 24. Nc6 Rxc6 25. dxc6 Qc7 26. Qd5 Rd8 27. Rbd1 Nb7
28. Qf3 Rxd1 29. Rxd1 Nd8 30. Rd7 Qc8 31. Qd5 Ne6 32. f4 Qe8 33. c7 {Black
resigns} 1-0

[Event "Team 45 45 League T68"]
[Site "Internet Chess Club"]
[Date "2016.04.14"]
[Round "6"]
[White "tuantuan"]
[Black "Mitochondria"]
[Result "0-1"]
[WhiteElo "1464"]
[BlackElo "1511"]
[Opening "French: Tarrasch, closed variation"]
[ECO "C05"]
[Time "19:56:58"]
[TimeControl "2700+45"]

1. e4 e6 2. d4 d5 3. Nd2 Nf6 4. e5 Nfd7 5. Ngf3 c5 6. Bb5 a6 7. Bxd7+ Bxd7 8.
Nb3 cxd4 9. Nbxd4 h6 10. O-O Be7 11. Bf4 Nc6 12. Qd2 Rc8 13. h3 O-O 14. Rad1
Nxd4 15. Nxd4 Bg5 16. Bxg5 Qxg5 17. Qxg5 hxg5 18. c3 f6 19. exf6 gxf6 20. Rfe1
Rfe8 21. Re3 Kf7 22. Nf3 Rcd8 23. Kh2 Bc8 24. Red3 b5 25. b3 Rd6 26. c4 bxc4 27.
bxc4 Bb7 28. c5 Rc6 29. Rc1 Rec8 30. Rdc3 e5 31. Rb3 Ba8 32. Ra3 d4 33. Ra5 Rb8
34. Kg1 Rb5 35. Rxb5 axb5 36. Nd2 Ke6 37. Nb3 Kd5 38. Kf1 Rc8 39. Ke2 Ke6 40. f3
Bd5 41. Kd3 Bc4+ 42. Kd2 Kd5 43. g3 Bxb3 44. axb3 Rxc5 45. Rxc5+ Kxc5 46. h4
gxh4 47. gxh4 Kd5 48. h5 Ke6 49. Kd3 Kf7 50. f4 Kg7 51. Ke4 Kh6 52. b4 Kxh5 53.
fxe5 fxe5 54. Kxe5 d3 55. Kd5 d2 56. Kc5 d1=Q 57. Kxb5 Kg5 58. Kc6 Qc2+ 59. Kb6
Qf2+ 60. Ka6 Qf6+ 61. Ka5 Qd8+ 62. Ka6 Qa8+ 63. Kb6 Qb8+ 64. Kc5 Qb7 65. b5 Kf5
66. b6 Ke5 67. Kb5 Kd5 {White resigns} 0-1

[Event "Team 45 45 League T68"]
[Site "Internet Chess Club"]
[Date "2016.04.15"]
[Round "6"]
[White "joaoazm"]
[Black "arnav07"]
[Result "1/2-1/2"]
[WhiteElo "1132"]
[BlackElo "1526"]
[Opening "Center game"]
[ECO "C21"]
[Time "20:00:36"]
[TimeControl "2700+45"]

1. e4 e5 2. d4 exd4 3. Nf3 Bc5 4. c3 d3 5. Bxd3 d6 6. c4 Be6 7. b3 Nd7 8. Nc3
Ngf6 9. O-O O-O 10. h3 c6 11. Bb2 Qc7 12. Qd2 Ne5 13. Nxe5 dxe5 14. Na4 Bd4 15.
c5 Rad8 16. b4 Bxb2 17. Nxb2 Nxe4 18. Qe3 Nf6 19. f3 Nd5 20. Qd2 Nf4 21. Rfd1
Bf5 22. Qe3 Nxd3 23. Nxd3 Bxd3 24. Rxd3 Rxd3 25. Qxd3 Rd8 26. Qe2 f6 27. a4 a6
28. Rd1 Rxd1+ 29. Qxd1 Kf7 30. a5 Ke6 31. Qd3 h6 32. Kf2 Qd7 33. Qxd7+ Kxd7 34.
Ke3 Ke6 35. Ke4 f5+ 36. Ke3 g5 37. g4 f4+ 38. Ke4 Kf6 39. Kd3 Ke6 40. Ke4 Kf6
41. Kd3 Ke6 42. Ke4 Kf6 {Game drawn by repetition} 1/2-1/2

[Event "Team 45 45 League T68"]
[Site "Internet Chess Club"]
[Date "2016.04.14"]
[Round "6"]
[White "ticopatzer"]
[Black "zap2"]
[Result "1-0"]
[WhiteElo "1771"]
[BlackElo "1754"]
[Opening "Nimzo-Indian: three knights variation"]
[ECO "E21"]
[Time "12:02:54"]
[TimeControl "2700+45"]

1. d4 Nf6 2. c4 e6 3. Nc3 Bb4 4. Nf3 c5 5. e3 Nc6 6. Bd3 cxd4 7. exd4 O-O 8. O-O
Re8 9. Qc2 Bf8 10. a3 g6 11. Bg5 Bg7 12. Rfe1 b6 13. b4 Bb7 14. Ne4 d5 15. cxd5
Nxd4 16. Nxd4 Qxd5 17. Bxf6 Bh6 18. Bc4 Qh5 19. Rad1 Rac8 20. Ng3 Qg4 21. Qa4 e5
22. Bb5 Red8 23. Bxd8 Rxd8 24. Ndf5 Bg5 25. Rxd8+ Bxd8 26. Nh6+ Kg7 27. Nxg4 f6
28. Qd1 {Black resigns} 1-0

[Event "Team 45 45 League T68"]
[Site "Internet Chess Club"]
[Date "2016.04.17"]
[Round "6"]
[White "bradleyguo175"]
[Black "evan7284"]
[Result "1/2-1/2"]
[WhiteElo "1661"]
[BlackElo "1729"]
[Opening "QGD: 3.Nc3"]
[ECO "D31"]
[Time "16:18:27"]
[TimeControl "2700+45"]

1. d4 d5 2. c4 e6 3. Nc3 f5 4. Nf3 Nf6 5. Bf4 c6 6. e3 Be7 7. Bd3 O-O 8. Qc2 Ne4
9. h3 Nd7 10. O-O Qe8 11. Ne5 Nxe5 12. Bxe5 Bf6 13. Bxf6 Rxf6 14. c5 e5 15. Rfe1
Nxc3 16. Qxc3 e4 17. Be2 Qg6 18. Kh2 Be6 19. Qa5 Qf7 20. g3 Rh6 21. Kg2 g5 22.
Rh1 a6 23. Qc3 f4 24. exf4 gxf4 25. gxf4 Kh8 26. Rag1 Qxf4 27. Qe3 Qxe3 28. fxe3
Rg8+ 29. Kf2 Rxg1 30. Kxg1 Rxh3 31. Rxh3 Bxh3 32. Kh2 Be6 33. Kg3 Kg7 34. Kf4
Kf6 35. b4 Bh3 36. a4 Be6 37. Bh5 {Game drawn by mutual agreement} 1/2-1/2

[Event "Team 45 45 League T68"]
[Site "Internet Chess Club"]
[Date "2016.04.16"]
[Round "6"]
[White "werty"]
[Black "drsigmund1"]
[Result "1-0"]
[WhiteElo "1599"]
[BlackElo "1494"]
[Opening "Queen's pawn"]
[ECO "A40"]
[Time "14:30:15"]
[TimeControl "2700+45"]

1. d4 e6 2. Bf4 f5 3. Nf3 Nf6 4. e3 b6 5. Nbd2 Bb7 6. Bd3 Ne4 7. Bxe4 fxe4 8.
Ng5 Qf6 9. Qh5+ g6 10. Qg4 Na6 11. Be5 Qf5 12. Qxf5 exf5 13. Bxh8 Be7 14. Nxh7
O-O-O 15. Bf6 Bxf6 16. Nxf6 Nb4 17. Kd1 Rf8 18. Nh7 Rf7 19. Ng5 Rf6 20. f4 c5
21. a3 Nd5 22. Ke2 cxd4 23. exd4 Nxf4+ 24. Kf2 e3+ 25. Kxe3 Nxg2+ 26. Kf2 f4 27.
Nge4 Re6 28. Kxg2 Bxe4+ 29. Nxe4 Rxe4 30. Kf3 Rxd4 31. Rad1 Rc4 32. c3 g5 33.
Kg4 f3+ 34. Kxg5 f2 35. Rhf1 Rc5+ 36. Kf4 Rc6 {Black resigns} 1-0

[Event "Team 45 45 League T68"]
[Site "Internet Chess Club"]
[Date "2016.04.16"]
[Round "6"]
[White "MartyJR"]
[Black "Electryon"]
[Result "1/2-1/2"]
[WhiteElo "1407"]
[BlackElo "1443"]
[Opening "Queen's pawn"]
[ECO "A40"]
[Time "11:03:52"]
[TimeControl "2700+45"]

1. d4 e6 2. Bf4 f5 3. e3 Nf6 4. Nf3 Be7 5. h3 O-O 6. Bd3 Ne4 7. Nbd2 d5 8. Ne5
b6 9. Nxe4 fxe4 10. Be2 Bb7 11. O-O Nd7 12. Bg4 Nxe5 13. Bxe6+ Kh8 14. Bxe5 Bf6
15. Bg3 c5 16. c3 Bc8 17. Bxc8 Rxc8 18. a4 cxd4 19. cxd4 Qd7 20. Rc1 Rxc1 21.
Qxc1 Qxa4 22. Qd2 Rc8 23. Rc1 Rc4 24. Rxc4 Qxc4 25. Qd1 a5 26. Bd6 a4 27. Qd2
Kg8 28. Qb4 Qxb4 29. Bxb4 Kf7 30. Kf1 Be7 31. Bxe7 Kxe7 32. Ke1 b5 33. Kd2 b4
34. f3 Kd6 35. Kc2 g5 36. fxe4 dxe4 37. g4 Kd5 38. Kd2 Kc4 39. Kc2 h6 40. Kc1
Kd5 41. Kc2 Kc4 42. Kd2 Kd5 43. Kc2 Kc4 {Game drawn by repetition} 1/2-1/2

[Event "Team 45 45 League T68"]
[Site "Internet Chess Club"]
[Date "2016.04.14"]
[Round "6"]
[White "kaiclc"]
[Black "santiagoelawad"]
[Result "0-1"]
[WhiteElo "1275"]
[BlackElo "1963"]
[Opening "Caro-Kann: exchange, Rubinstein variation"]
[ECO "B13"]
[Time "18:38:00"]
[TimeControl "2700+45"]

1. e4 c6 2. d4 d5 3. exd5 cxd5 4. Bd3 Nc6 5. c3 Nf6 6. Bf4 Bg4 7. Nf3 e6 8. Nbd2
Be7 9. O-O O-O 10. h3 Bh5 11. Qc2 Bg6 12. Rae1 Rc8 13. Qb1 a6 14. Bh2 b5 15. Ng5
Qd7 16. Be5 Bxd3 17. Qxd3 h6 18. Bxf6 hxg5 19. Bxe7 Qxe7 20. Nb3 Rb8 21. Nc5 a5
22. Re2 Qd6 23. Rc1 Rfd8 24. a4 b4 25. Qa6 Qf4 26. Rb1 Qc7 27. Qd3 Qb6 28. Qa6
bxc3 29. Qxb6 Rxb6 30. b3 Nxd4 31. Re3 c2 32. Rc1 Rc8 33. Nd7 {White resigns}
0-1

[Event "Team 45 45 League T68"]
[Site "Internet Chess Club"]
[Date "2016.04.16"]
[Round "6"]
[White "kabindra"]
[Black "Portola"]
[Result "0-1"]
[WhiteElo "1733"]
[BlackElo "1798"]
[Opening "French: advance variation"]
[ECO "C02"]
[Time "13:00:16"]
[TimeControl "2700+45"]

1. e4 e6 2. d4 d5 3. e5 c5 4. c3 Nc6 5. Bb5 Bd7 6. Ne2 Qb6 7. Bxc6 Bxc6 8. O-O
Ne7 9. h4 Nf5 10. h5 Be7 11. h6 Nxh6 12. Bxh6 gxh6 13. b3 Rg8 14. Ng3 O-O-O 15.
Nd2 cxd4 16. cxd4 Qxd4 17. Nf3 Qb6 18. Nh5 Rg6 19. a4 Rdg8 20. g3 a5 21. Rc1 Kb8
22. Qd4 Qxb3 23. Nd2 Qxa4 24. Qxa4 Bxa4 25. Ra1 Bb4 26. Nf6 R8g7 27. Nf3 Bb5 28.
Rfc1 Bc4 29. Nh4 Rg5 30. Nf3 Rf5 31. Kg2 h5 32. Nh4 Rf4 33. Nxh5 Rxh4 34. Nxg7
Rg4 35. Nh5 Rg5 36. Nf6 Rg7 37. Rh1 Bc3 38. Ra3 Bb4 39. Raa1 b5 40. Rxh7 Rxh7
41. Nxh7 a4 42. Ng5 Kc7 43. Nxf7 Bc3 44. Ra3 Bb2 45. Rf3 a3 46. Nd6 a2 47. Rf7+
Kb6 48. Nc8+ Kc5 49. Ra7 a1=Q 50. Rxa1 Bxa1 51. f4 Bd3 52. Kf2 Bd4+ 53. Ke1 b4
54. Kd2 Be4 55. Nd6 Bf3 56. Kc2 Bf2 57. Nb7+ Kb5 58. Nd8 Bg4 59. Nf7 Bxg3 60.
Nh6 Bf3 61. f5 exf5 62. e6 Bh4 63. Kb3 f4 64. Ng8 Bh5 65. Nh6 f3 66. Nf5 {White
resigns} 0-1

[Event "Team 45 45 League T68"]
[Site "Internet Chess Club"]
[Date "2016.04.17"]
[Round "6"]
[White "nealbruce"]
[Black "pcvan"]
[Result "1/2-1/2"]
[WhiteElo "1624"]
[BlackElo "1450"]
[Opening "Sicilian: Alapin's variation (2.c3)"]
[ECO "B22"]
[Time "12:00:22"]
[TimeControl "2700+45"]

1. e4 c5 2. c3 d6 3. d4 cxd4 4. cxd4 g6 5. Nf3 Bg7 6. Nc3 Nc6 7. Be2 Qb6 8. Nd5
Qa5+ 9. Bd2 Qd8 10. Bc3 e6 11. Ne3 Nge7 12. O-O d5 13. e5 O-O 14. Rc1 Bd7 15.
Ng4 Nf5 16. Bd3 h5 17. Bxf5 exf5 18. Ne3 f6 19. Nxd5 fxe5 20. dxe5 Be6 21. Nf6+
Bxf6 22. exf6 Qxd1 23. Rcxd1 Bxa2 24. Ng5 Rad8 25. f4 Bb3 26. Rxd8 Rxd8 27. Re1
Rd1 28. Kf2 Rxe1 29. Kxe1 Nd8 30. Nf3 Bd5 31. Ke2 Nf7 32. g3 Bxf3+ 33. Kxf3 Nd6
34. h3 Kf7 35. g4 fxg4+ 36. hxg4 hxg4+ 37. Kxg4 Ne4 38. f5 gxf5+ 39. Kxf5 Nxc3
40. bxc3 a5 41. Ke4 Kxf6 42. Kd3 Ke5 43. Kc4 Ke4 44. Kb5 b6 45. c4 Kd4 46. Kxb6
a4 47. c5 a3 48. c6 a2 49. c7 a1=Q 50. c8=Q Qb2+ {Game drawn by mutual
agreement} 1/2-1/2

[Event "Team 45 45 League T68"]
[Site "Internet Chess Club"]
[Date "2016.04.19"]
[Round "6"]
[White "olivermx"]
[Black "BrerRabbit"]
[Result "1-0"]
[WhiteElo "1319"]
[BlackElo "1403"]
[Opening "Pirc: Ufimtsev-Pytel variation"]
[ECO "B07"]
[Time "16:02:54"]
[TimeControl "2700+45"]

1. e4 d6 2. d4 Nf6 3. Nc3 c6 4. Nf3 Bg4 5. Be2 e6 6. Bd2 d5 7. e5 Nfd7 8. O-O
Be7 9. h3 Bh5 10. Re1 O-O 11. Be3 c5 12. dxc5 Bxc5 13. Nd4 Bxe2 14. Qxe2 Nc6 15.
Nxc6 bxc6 16. Bxc5 Nxc5 17. Rad1 Qb6 18. b3 Qa5 19. Qd2 Rab8 20. a4 Qb4 21. f3
Qb6 22. Kh1 Rfc8 23. Ne2 Nd7 24. Ng3 Qd8 25. Qe3 c5 26. Qf4 Rb4 27. Qd2 Qc7 28.
Nh5 Nxe5 29. Qg5 Ng6 30. Qd2 Rh4 31. Qg5 Rb4 32. Qg3 Qxg3 33. Nxg3 Ne7 34. Ne2
Nc6 35. Nc1 Rd4 36. Rxd4 Nxd4 37. c3 Nf5 38. Nd3 a5 39. b4 cxb4 40. cxb4 axb4
41. Nxb4 Rc4 42. Rb1 Kf8 43. a5 Ne7 44. a6 Nc8 45. Kg1 Na7 46. Kf2 Ke8 47. Ke3
Kd7 48. Nd3 Rc7 49. Nc5+ Kc8 50. Nb7 Rc3+ 51. Kf2 Kc7 52. Na5 Ra3 53. Rb7+ Kc8
54. Rxa7 Rxa5 55. Rxf7 Rxa6 56. Rxg7 h6 57. Rg6 Rd6 58. Rxh6 Kc7 59. Rh4 e5 60.
Ke3 Kc6 61. f4 d4+ 62. Ke4 d3 63. fxe5 Rd5 64. Rh6+ Kc5 65. Rd6 Rd4+ 66. Rxd4
{Black resigns} 1-0

[Event "Team 45 45 League T68"]
[Site "Internet Chess Club"]
[Date "2016.04.15"]
[Round "6"]
[White "Intemperate"]
[Black "DarthDaver"]
[Result "1-0"]
[WhiteElo "2179"]
[BlackElo "2029"]
[Opening "English opening"]
[ECO "A30"]
[Time "14:16:55"]
[TimeControl "2700+45"]

1. Nf3 Nf6 2. c4 c5 3. Nc3 e6 4. g3 b6 5. e4 d6 6. d4 cxd4 7. Nxd4 Bb7 8. Bg2 a6
9. O-O Be7 10. e5 Bxg2 11. exf6 Bxf1 12. fxe7 Qxe7 13. Qf3 Qa7 14. Kxf1 O-O 15.
Ne4 Nd7 16. Nxd6 Qc7 17. Qc6 Ra7 18. Qxc7 Rxc7 19. b3 Rd8 20. Ne4 h6 21. Be3
Rcc8 22. Rc1 Ne5 23. Ke2 Ng4 24. h3 Nxe3 25. Kxe3 Kf8 26. f4 Ke7 27. Rc3 f5 28.
Nd2 g5 29. N2f3 gxf4+ 30. gxf4 Rg8 31. Kf2 Kf6 32. Re3 Rge8 33. Re5 Re7 34. Ke3
Rcc7 35. Ne1 Rc8 36. Nd3 Rg8 37. c5 Rg3+ 38. Ke2 bxc5 39. Nxc5 Rxh3 40. Ncxe6
Rh2+ 41. Kf3 Rxa2 42. Rxf5+ Kg6 43. Rc5 a5 44. f5+ Kf7 45. Nc6 Re8 46. Ne5+ Kf6
47. Ng4+ Ke7 48. Nxh6 Rb8 49. Rc3 Rh2 50. Rc7+ Kd6 51. Nf7+ Kd5 52. Rc5# {Black
checkmated} 1-0

[Event "Team 45 45 League T68"]
[Site "Internet Chess Club"]
[Date "2016.04.15"]
[Round "6"]
[White "TheRailgun"]
[Black "ShootStraight"]
[Result "1/2-1/2"]
[WhiteElo "1894"]
[BlackElo "1945"]
[Opening "Sicilian: Hungarian variation"]
[ECO "B27"]
[Time "20:00:31"]
[TimeControl "2700+45"]

1. e4 c5 2. Nf3 g6 3. d4 cxd4 4. Qxd4 Nf6 5. Nc3 Nc6 6. Qa4 d6 7. e5 dxe5 8.
Nxe5 Bd7 9. Nxd7 Qxd7 10. Be3 Bg7 11. Rd1 Qc8 12. Bb5 O-O 13. O-O a6 14. Be2 b5
15. Qb3 Qc7 16. Nd5 Nxd5 17. Rxd5 Rad8 18. Rc5 Qd6 19. c3 Na5 20. Qc2 Nb7 21.
Rd1 Nxc5 22. Rxd6 exd6 23. Bf3 Rd7 24. Qd2 Ne6 25. Bb6 Rc8 26. g3 h5 27. Qd5 b4
28. cxb4 Bxb2 29. a4 Rc1+ 30. Kg2 Kg7 31. Qa8 Bf6 32. Qxa6 d5 33. Qb5 Re7 34.
Bxd5 Ng5 35. Be3 Rc2 36. Bb3 Rb2 37. Bxg5 Rxb3 38. Bxf6+ Kxf6 39. Qb6+ Kg7 40.
Qd4+ Kh7 41. b5 Re6 42. Qd5 Ra3 43. Qc4 Kg8 44. Qb4 Ra2 45. Qd4 Ree2 46. b6 Reb2
47. a5 Rb5 48. a6 Rxa6 49. Qd8+ Kg7 50. Qd4+ Kh7 51. Qf6 Raxb6 52. Qxf7+ Kh8 53.
Qf8+ {Game drawn by mutual agreement} 1/2-1/2

[Event "Team 45 45 League T68"]
[Site "Internet Chess Club"]
[Date "2016.04.19"]
[Round "6"]
[White "JefferyChess"]
[Black "goodFriday"]
[Result "1-0"]
[WhiteElo "1925"]
[BlackElo "1824"]
[Opening "Ruy Lopez: Marshall, main line, 14...Qh3"]
[ECO "C89"]
[Time "20:51:28"]
[TimeControl "2700+45"]

1. e4 e5 2. Nf3 Nc6 3. Bb5 a6 4. Ba4 Nf6 5. O-O Be7 6. Re1 b5 7. Bb3 O-O 8. c3
d5 9. exd5 Nxd5 10. Nxe5 Nxe5 11. Rxe5 c6 12. d4 Bd6 13. Re1 Qh4 14. g3 Qh3 15.
Bxd5 cxd5 16. Qf3 Bg4 17. Qxd5 Rae8 18. Rxe8 Rxe8 19. Be3 Bb8 20. Nd2 h6 21. Qc6
Bd7 22. Qxa6 g5 23. Qb7 Rd8 24. Re1 f5 25. Qb6 Re8 26. Qg6+ Kf8 27. d5 Rxe3 28.
Rxe3 {Black resigns} 1-0

[Event "Team 45 45 League T68"]
[Site "Internet Chess Club"]
[Date "2016.04.16"]
[Round "6"]
[White "Capt-Morgan"]
[Black "charles-allen"]
[Result "1-0"]
[WhiteElo "1958"]
[BlackElo "1835"]
[Opening "QGD: Tarrasch, Folkestone (Swedish) variation"]
[ECO "D33"]
[Time "21:30:22"]
[TimeControl "2700+45"]

1. d4 d5 2. c4 e6 3. Nc3 c5 4. cxd5 exd5 5. Nf3 Nc6 6. g3 c4 7. Bg2 Bb4 8. O-O
Nge7 9. e4 dxe4 10. Nxe4 O-O 11. Qc2 Be6 12. Neg5 Bf5 13. Qxc4 Rc8 14. Rd1 Nd5
15. h4 Na5 16. Qb5 a6 17. Qe2 Re8 18. Ne5 f6 19. Qf3 Ne7 20. a3 Bd6 21. b4 fxg5
22. bxa5 Bxe5 23. dxe5 Qxa5 24. Bxg5 Be6 25. Qxb7 Rb8 26. Qa7 Nd5 27. Bf1 Nc3
28. Re1 Ra8 29. Qd4 Nb5 30. Bxb5 axb5 31. Bd2 Qa6 32. Bb4 Rac8 33. Rac1 Rc4 34.
Rxc4 bxc4 35. f3 Qb7 36. Re3 Rf8 37. Bxf8 {Black resigns} 1-0

[Event "Team 45 45 League T68"]
[Site "Internet Chess Club"]
[Date "2016.04.17"]
[Round "6"]
[White "Jack-ONeill"]
[Black "JJ12"]
[Result "1-0"]
[WhiteElo "2032"]
[BlackElo "2080"]
[Opening "Catalan: closed, 5.Nf3"]
[ECO "E06"]
[Time "11:00:56"]
[TimeControl "2700+45"]

1. d4 Nf6 2. Nf3 e6 3. c4 d5 4. g3 Be7 5. Bg2 O-O 6. O-O dxc4 7. Ne5 Nc6 8. Bxc6
bxc6 9. Nxc6 Qe8 10. Nxe7+ Qxe7 11. Na3 e5 12. dxe5 Qxe5 13. Nxc4 Qh5 14. Ne3
Bh3 15. Re1 Rfe8 16. Qc2 c5 17. Bd2 Rac8 18. Qa4 Rcd8 19. Rad1 Re4 20. Qxa7 Rde8
21. Bc3 R4e7 22. Qa4 Re4 23. Qb3 Be6 24. Qc2 Rxe3 25. Bxf6 Bf5 26. Qxc5 Rxe2 27.
Bc3 h6 28. Rxe2 Rxe2 29. Rd5 Qh3 30. Rxf5 Rc2 31. Re5 Qg4 32. Qe3 {Black
resigns} 1-0

[Event "Team 45 45 League T68"]
[Site "Internet Chess Club"]
[Date "2016.04.16"]
[Round "6"]
[White "LarsenB"]
[Black "Ptzz"]
[Result "1-0"]
[WhiteElo "1900"]
[BlackElo "2014"]
[Opening "Bogo-Indian defense, Grünfeld variation"]
[ECO "E11"]
[Time "14:00:31"]
[TimeControl "2700+45"]

1. d4 Nf6 2. c4 e6 3. Nf3 Bb4+ 4. Nbd2 b6 5. a3 Bxd2+ 6. Nxd2 Bb7 7. e3 c5 8.
Bd3 cxd4 9. exd4 d5 10. O-O dxc4 11. Nxc4 O-O 12. Bf4 Qd5 13. Ne3 Qd7 14. Rc1
Nc6 15. Bb5 a6 16. d5 exd5 17. Bd3 d4 18. Nf5 g6 19. Nh6+ Kg7 20. Bg5 Ne5 21.
Re1 Qd5 22. Bxf6+ Kxf6 23. Be4 Qd7 24. Bxb7 Qxb7 25. Qxd4 Kg7 26. Qxe5+ Kxh6 27.
Rc3 {Black resigns} 1-0

[Event "Team 45 45 League T68"]
[Site "Internet Chess Club"]
[Date "2016.04.17"]
[Round "6"]
[White "Holgate"]
[Black "passedpawn"]
[Result "1/2-1/2"]
[WhiteElo "1946"]
[BlackElo "1813"]
[Opening "Sicilian: accelerated fianchetto, Maróczy bind, 6.Be3"]
[ECO "B38"]
[Time "16:00:19"]
[TimeControl "2700+45"]

1. e4 c5 2. Nf3 g6 3. c4 Bg7 4. d4 cxd4 5. Nxd4 Nc6 6. Be3 Nf6 7. Nc3 d6 8. Be2
O-O 9. O-O Bd7 10. f3 a5 11. Nd5 Nxd5 12. cxd5 Nxd4 13. Bxd4 Rc8 14. Bxg7 Kxg7
15. Qd4+ f6 16. Rac1 Kf7 17. f4 Kg8 18. h3 Rc7 19. Qe3 b6 20. Kh2 Qb8 21. Rxc7
Qxc7 22. Rc1 Qb7 23. Rc3 Rc8 24. Rxc8+ Bxc8 25. Bb5 Qc7 26. Bc6 Ba6 27. Qc3 Kg7
28. a3 Bb7 29. Bxb7 Qxb7 30. Qc6 Qb8 31. Qd7 Kf7 32. Kg3 b5 33. b4 axb4 34. axb4
Qb6 35. Qe6+ Kf8 36. Qc8+ {Game drawn by mutual agreement} 1/2-1/2

[Event "Team 45 45 League T68"]
[Site "Internet Chess Club"]
[Date "2016.04.16"]
[Round "6"]
[White "justice02"]
[Black "Tobiasdelmonte"]
[Result "0-1"]
[WhiteElo "1641"]
[BlackElo "1781"]
[Opening "QGD: Tarrasch, Prague variation, Normal position"]
[ECO "A13"]
[Time "22:00:33"]
[TimeControl "2700+45"]

1. Nf3 Nf6 2. c4 e6 3. g3 d5 4. d4 c5 5. Bg2 Nc6 6. O-O Be7 7. Nc3 O-O 8. cxd5
exd5 9. Bf4 c4 10. Ne5 Be6 11. Nb5 Nh5 12. Be3 a6 13. Nxc6 bxc6 14. Nc3 Qb6 15.
b3 Qa5 16. Na4 Rac8 17. Bd2 Qd8 18. Nc5 Bxc5 19. dxc5 Nf6 20. bxc4 dxc4 21. Qc2
Qe7 22. a3 Rfd8 23. Bb4 h6 24. e3 Nd5 25. Rfd1 Bg4 26. Rd4 Nxb4 27. axb4 Rxd4
28. exd4 Qe2 29. Qxe2 Bxe2 30. Rxa6 c3 31. Ra3 c2 32. Rc3 Ra8 33. Rxc2 Ra1+ 34.
Bf1 Bxf1 35. Ra2 Rxa2 36. Kxf1 Rb2 37. d5 Rxb4 38. d6 Kf8 39. Ke2 Rc4 {White
resigns} 0-1